 Dungeon Crawl Stone Soup version 0.28.0-53-g5a82cb258f (webtiles) character file.

Game seed: 3096797473240749391

107 Sin92 the Skirmisher (level 4, -2/32 (35) HPs)
             Began as a Demonspawn Fighter on June 8, 2022.
             Slain by a gnoll
             ... wielding a +0 flail of draining
              (7 damage)
             ... on level 2 of the Dungeon.
             The game lasted 00:01:48 (1609 turns).

Sin92 the Skirmisher (Demonspawn Fighter)           Turns: 1609, Time: 00:01:49

HP:   -2/32 (35)    AC:  9    Str: 18    XL:     4   Next: 57%
MP:   4/4           EV:  9    Int:  9    God:
Gold: 79            SH:  4    Dex: 13    Spells: 3/3 levels left

rFire   . . .      SeeInvis .   a - +0 war axe
rCold   . . .      Faith    .   c - +0 buckler
rNeg    . . .      Spirit   .   b - +0 scale mail
rPois   .          Reflect  .   (no helmet)
rElec   .          Harm     .   g - +2 cloak
rCorr   .          Rampage  .   (no gloves)
Will    .....                   (no boots)
Stlth   ..........              (no amulet)
HPRegen 0.10/turn               (no ring)
MPRegen 0.09/turn               (no ring)

@: drained
A: claws 1, powered by pain 1
a: no special abilities


You were on level 2 of the Dungeon.
You visited 1 branch of the dungeon, and saw 2 of its levels.

You collected 79 gold pieces.

Inventory:

Hand Weapons
 a - a +0 war axe (weapon)
Armour
 b - a +0 scale mail (worn)
 c - a +0 buckler (worn)
 g - a +2 cloak (worn)
Scrolls
 e - 2 scrolls of fear {unknown}
 f - a scroll of teleportation {unknown}
 h - a scroll of immolation {unknown}
 i - 4 scrolls of identify {unknown}
Potions
 d - 2 potions of might


   Skills:
 + Level 3.4 Fighting
 * Level 3.0 Axes
 + Level 3.1 Armour
 + Level 1.3 Dodging
 + Level 3.1 Shields


You had 3 spell levels left.
You didn't know any spells.
Your spell library contained the following spells:

 Spells                   Type           Power      Damage    Failure   Level
 Sandblast                Erth           0%         2d4       86%         1
 Passwall                 Tmut/Erth      0%         N/A       94%         2
 Stone Arrow              Conj/Erth      0%         3d7       99%         3


Dungeon Overview and Level Annotations

Branches:
Dungeon (2/15)

Altars:

Shops:
D:1 (


Innate Abilities, Weirdness & Mutations

You have sharp fingernails.
You sometimes gain a little power by taking damage.


Message History

Unknown command.
You hit the gnoll.
You kill the gnoll!
Your Axes skill increases to level 3!
f - a scroll labelled ACUDEE VOLLUM
Things that are here:
a +0 halberd; 5 poisoned darts; a gnoll corpse
Things that are here:
a +0 dagger; a +0 flail You start resting.
A gnoll comes into view. It is wielding a +0 flail of draining.
The gnoll shouts!
The gnoll barely misses you.
You slash the gnoll!
The gnoll is severely wounded.
The gnoll hits you with a +0 flail of draining.
* * * LOW HITPOINT WARNING * * *
You feel drained. You block the gnoll's attack.
You hit the gnoll.
The gnoll is almost dead.
The gnoll barely misses you.
You hit the gnoll.
The gnoll is almost dead.
The gnoll hits you with a +0 flail of draining.
* * * LOW HITPOINT WARNING * * *
You feel drained. The gnoll closely misses you.
You barely miss the gnoll.
The gnoll is almost dead.
The gnoll closely misses you.
You hit the gnoll but do no damage.
The gnoll is almost dead.
The gnoll hits you with a +0 flail of draining.
* * * LOW HITPOINT WARNING * * *
You feel drained.
* * * LOW HITPOINT WARNING * * *
The gnoll barely misses you.
You hit the gnoll but do no damage.
The gnoll is almost dead.
The gnoll hits you with a +0 flail of draining!
You die...

#.......###.#.#......##.#
#.###.......#.#......##.#
### #.#######........'..#
.............####
.............#
...)#........#
...#.........#
#######...#### #.@.#
#g### #.# #)# #)# #.#
#...# #.#.... #........


You could see a gnoll.

Vanquished Creatures
  Terence (D:2)
  2 gnolls (D:2)
  3 adders (D:2)
  A worm (D:2)
  A dart slug (D:1)
  4 endoplasms
  4 giant cockroaches (D:1)
  3 goblins (D:2)
  A hobgoblin (D:1)
  3 jackals (D:1)
  2 kobolds
  2 ball pythons
  2 frilled lizards (D:1)
  A rat (D:2)
30 creatures vanquished.

Notes
Turn   | Place    | Note
-------+----------+-------------------------------------------
     0 | D:1      | Sin92 the Demonspawn Fighter began the quest for the Orb.
     0 | D:1      | Reached XP level 1. HP: 18/18 MP: 1/1
    41 | D:1      | Found Soywkool's Weapon Shop.
   319 | D:1      | Discovered your monstrous ancestry.
   319 | D:1      | Gained mutation: You have sharp fingernails. [demonic
                  | ancestry]
   319 | D:1      | Reached XP level 2. HP: 19/24 MP: 2/2
   771 | D:2      | Noticed Terence
   793 | D:2      | Reached XP level 3. HP: 13/29 MP: 3/3
   798 | D:2      | Killed Terence
   799 | D:2      | Reached skill level 1 in Dodging
  1117 | D:2      | Gained mutation: You sometimes gain a little power by
                  | taking damage. [demonic ancestry]
  1117 | D:2      | Reached XP level 4. HP: 20/35 MP: 4/4
  1609 | D:2      | Slain by a gnoll

Illustrated notes

Levels and vault maps discovered:
D:1:      minmay_arrival_shattered_statue, layout_basic, serial_shops, shop,
          minmay_tiny_reverse_x
D:2:      wad_river_or_something, layout_basic, serial_shops, shop,
          minmay_pentomino_q2, uniq_terence

Skill      XL: |  1  2  3  4 |
---------------+-------------+-----
Axes           | 2 3 |  3.0
Armour         | 3 |  3.1
Dodging        | 1 |  1.3
Shields        | 3 |  3.1
Fighting       | |  3.4

Action                   |  1- 3 |  4- 6 || total
-------------------------+-------+-------++-------
Melee: War axe           |    76 |    40 ||   116
  Use: Potion            |     1 |       ||     1
Armor: Scale mail        |    52 |    16 ||    68
Dodge: Dodged            |    34 |    27 ||    61
Block: Buckler           |    21 |     6 ||    27
